 Dungeon Crawl Stone Soup version 0.19-a0-965-g50bf062 (webtiles) character file.

482 Ijustatesigmund the Skirmisher (level 6, -1/51 HPs)
             Began as a Demonspawn Fighter on July 12, 2016.
             Slain by Duvessa
             ... wielding a +0 short sword
              (11 damage)
             ... on level 4 of the Dungeon.
             The game lasted 00:07:54 (4200 turns).

Ijustatesigmund the Skirmisher (Demonspawn Fighter) Turns: 4200, Time: 00:07:54

Health: -1/51      AC:  7    Str: 21    XL:     6   Next: 87%
Magic:  6/6        EV:  8    Int: 10    God:
Gold:   274        SH:  9    Dex: 14    Spells: 0 memorised, 5 levels left

rFire  . . .     SeeInvis .     a - +1 long sword
rCold  . . .     Gourm    .     b - +0 scale mail
rNeg   . . .     Faith    .     c - +0 shield
rPois  .         Spirit   .     (no helmet)
rElec  .         Dismiss  .     (no cloak)
rCorr  .         Reflect  .     (no gloves)
SustAt .         Harm     .     k - +0 pair of boots
MR     .....                    (no amulet)
Stlth  +.........               (no ring)
                                (no ring)

@: mighty, not resistant to hostile enchantments, very unstealthy
A: claws 2, nightstalker 1
a: no special abilities


You were on level 4 of the Dungeon.
You were not hungry.

You visited 1 branch of the dungeon, and saw 4 of its levels.

You collected 274 gold pieces.

Inventory:

Hand Weapons
 a - a +1 long sword (weapon)
Armour
 b - a +0 scale mail (worn)
 c - a +0 shield (worn)
 k - a +0 pair of boots (worn)
Jewellery
 d - an uncursed ring of ice
Scrolls
 i - a scroll of immolation
 l - a scroll of teleportation
 m - a scroll of magic mapping {unknown}
Potions
 e - 2 potions of cancellation
 h - 2 potions of brilliance
Comestibles
 f - 2 bread rations
 g - 2 meat rations
 n - a chunk of flesh


   Skills:
 + Level 5.5 Fighting
 + Level 4.7 Long Blades
 - Level 2.6 Armour
 - Level 2.0 Dodging
 - Level 2.6 Shields


You had 5 spell levels left.
You didn't know any spells.

Dungeon Overview and Level Annotations

Branches:
Dungeon (4/15)
 Temple: D:4-7

Altars:

Annotations:
D:4 Duvessa


Innate Abilities, Weirdness & Mutations

You have very sharp fingernails.
You are slightly more attuned to the shadows.


Message History

You kill Dowan!
Duvessa screams in rage.
Duvessa goes berserk!
Duvessa barely misses you.
You riposte.
You slash Duvessa!
Duvessa is lightly wounded.
Duvessa hits you with a short sword.
You feel very mighty all of a sudden. You block Duvessa's attack.
Duvessa hits you with a short sword!
You slash Duvessa!
Duvessa is moderately wounded.
Duvessa hits you with a short sword.
* * * LOW HITPOINT WARNING * * *
You completely miss Duvessa.
Duvessa is moderately wounded.
Duvessa hits you but does no damage. Duvessa hits you with a short sword.
* * * LOW HITPOINT WARNING * * *
You closely miss Duvessa.
Duvessa is moderately wounded.
Duvessa hits you with a short sword!
You die...

#.....#######
#.....#......
#.....'......
#.....#......
###+##...).#...##.
#........#########
#........'.....#
#........#.....#
+@.......#.....#
##e)......####### #
.......#'####...###
........#..........#
........#..........#
.........#..........+
..........#..........#
.......#..........#
.......#.......(..#


You could see Duvessa (berserk).

Vanquished Creatures
  An ogre (D:4)
  Dowan (D:4)
  An orc priest (D:4)
  3 orc wizards (D:4)
  An iguana (D:4)
  4 adders
  4 gnolls
  A river rat (D:3)
  2 oozes (D:3)
  7 worms
  2 dart slugs
  4 giant geckos
  7 orcs
  2 ball pythons
  9 bats
  3 giant cockroaches
  2 goblins
  9 hobgoblins
  11 jackals (D:1)
  4 giant newts
  5 kobolds
  14 rats
97 creatures vanquished.

Notes
Turn   | Place    | Note
-------+----------+-------------------------------------------
     0 | D:1      | Ijustatesigmund the Demonspawn Fighter began the quest for the Orb.
     0 | D:1      | Reached XP level 1. HP: 18/18 MP: 1/1
   215 | D:1      | Gained mutation: You are slightly more attuned to the shadows. [demonic ancestry]
   215 | D:1      | Reached XP level 2. HP: 24/24 MP: 2/2
   247 | D:1      | Reached skill level 1 in Dodging
   781 | D:1      | Reached XP level 3. HP: 26/29 MP: 3/3
  1274 | D:2      | Found a faded altar of an unknown god.
  1339 | D:2      | Reached XP level 4. HP: 37/37 MP: 4/4
  2228 | D:3      | Reached skill level 4 in Fighting
  2446 | D:3      | Gained mutation: You have sharp fingernails. [demonic ancestry]
  2446 | D:3      | Reached XP level 5. HP: 19/42 MP: 5/5
  3747 | D:4      | Gained mutation: You have very sharp fingernails. [demonic ancestry]
  3747 | D:4      | Reached XP level 6. HP: 7/49 MP: 6/6
  3754 | D:4      | Reached skill level 5 in Fighting
  4182 | D:4      | Noticed Dowan
  4184 | D:4      | Noticed Duvessa
  4196 | D:4      | Killed Dowan
  4200 | D:4      | Slain by Duvessa

Vault maps used:
D:1:      onia_arrival_mini_maze, minmay_rat_gold_closets
D:2:      ecumenical_altar_1
D:3:      first_bread, gup_sewer_entry_spiral
D:4:      lemuel_castle_with_subvaults, uniq_sigmund, uniq_duvessa

Skill      XL: |  1  2  3  4  5  6 |
---------------+-------------------+-----
Long Blades    | 2 3 4 |  4.7
Dodging        | 1 2 |  2.0
Fighting       | 4 5 |  5.5
Armour         | |  2.6
Shields        | |  2.6

Action                   |  1- 3 |  4- 6 || total
-------------------------+-------+-------++-------
Melee: Long sword        |   123 |   310 ||   433
  Use: Scroll            |     3 |     6 ||     9
       Potion            |     3 |     3 ||     6
  Eat: Chunk             |     1 |     6 ||     7
       Bread ration      |       |     1 ||     1
       Fruit             |       |     1 ||     1
       Pizza             |       |     1 ||     1
Armor: Scale mail        |    64 |    72 ||   136
Dodge: Dodged            |    40 |    77 ||   117
Block: Shield            |    65 |   105 ||   170
